 Seeded DCSS version 0.24-a0-292-g5c6fb1c (webtiles) character file.

Game seed: 5874986697526205770

40636 Llamajah the Protected (level 14, -12/87 HPs)
             Began as a Tengu Monk on May 9, 2019.
             Was a High Priest of Okawaru.
             Mangled by an ettin
             ... wielding a +0 dire flail of crushing
              (25 damage)
             ... on level 14 of the Dungeon on May 10, 2019.
             The game lasted 01:01:05 (18034 turns).

Llamajah the Protected (Tengu Monk)                Turns: 18034, Time: 01:01:05

Health: -12/87     AC: 29    Str: 21    XL:     14   Next: 11%
Magic:  18/20      EV: 15    Int: 11    God:    Okawaru [*****.]
Gold:   113        SH: 11    Dex: 26    Spells: 13/13 levels left

rFire    + + .     SeeInvis .   J - +5 scimitar (freeze)
rCold    + . .     Gourm    .   s - +1 buckler {rPois}
rNeg     . . .     Faith    .   M - +3 gold dragon scales
rPois    +         Spirit   .   (helmet restricted)
rElec    .         Reflect  +   Q - +0 cloak {MR+}
rCorr    +         Harm     .   p - +1 pair of gloves
MR       ++...                  (boots unavailable)
Stlth    ..........             a - amulet of Gluttony {Reflect rF+ Str+5 Dex+4 SH+2}
HPRegen  0.24/turn              e - ring of resist corrosion
MPRegen  0.17/turn              S - +5 ring of dexterity

@: heroism
A: beak, talons 3, able to fly
a: Fly, Heroism, Finesse, Renounce Religion


You were on level 14 of the Dungeon.
You worshipped Okawaru.
Okawaru was extremely pleased with you.
You were not hungry.

You visited 1 branch of the dungeon, and saw 15 of its levels.

You collected 929 gold pieces.
You spent 816 gold pieces at shops.

Inventory:

Hand Weapons
 u - a +0 hand crossbow
 J - a +5 scimitar of freezing (weapon)
 N - a +3 morningstar of freezing
Armour
 p - a +1 pair of gloves (worn)
 s - a +1 buckler of poison resistance (worn)
 v - a +3 scale mail of positive energy
 I - a +4 scale mail
 L - a +0 cloak of invisibility
 M - +3 gold dragon scales (worn)
 Q - a +0 cloak of magic resistance (worn)
Jewellery
 a - the amulet of Gluttony (around neck) {Reflect rF+ Str+5 Dex+4 SH+2}
   (You bought it in a shop on level 12 of the Dungeon)

   [amulet of reflection]

   It shields you and reflects attacks.
   It affects your strength (+5).
   It affects your dexterity (+4).
   It protects you from fire.
   It affects your SH (+2).
 e - a ring of resist corrosion (left hand)
 y - an uncursed amulet of rage
 B - an uncursed ring of fire
 S - a +5 ring of dexterity (right hand)
Wands
 h - a wand of scattershot (4)
 q - a wand of flame (15)
 t - a wand of polymorph (23)
 F - a wand of random effects (36)
 H - a wand of iceblast (16)
 P - a wand of enslavement (10)
Scrolls
 b - 3 scrolls of magic mapping
 f - a scroll of torment {unknown}
 j - 3 scrolls of amnesia
 l - a scroll of fear {unknown}
 m - 4 scrolls of remove curse
 n - 3 scrolls of teleportation
 w - 2 scrolls of immolation
 O - a scroll of fog {unknown}
Potions
 g - a potion of berserk rage {unknown}
 i - a potion of flight
 k - a potion of ambrosia
 o - 2 potions of lignification
 r - 2 potions of cancellation
 x - 5 potions of curing
 z - a potion of degeneration
 A - 3 potions of mutation
 C - a potion of invisibility
 D - a potion of brilliance
 E - 3 potions of haste {unknown}
 G - 2 potions of might
 K - a potion of resistance
 R - a potion of heal wounds
Comestibles
 c - 24 rations
 d - a chunk of flesh


   Skills:
 + Level 9.8(14.8) Fighting
 + Level 10.7(15.7) Long Blades
 * Level 13.7(18.7) Armour
 + Level 10.7(15.7) Dodging
 - Level 2.5(7.5) Stealth
 + Level 5.1(10.1) Shields
 - Level 7.7 Invocations
 - Level 7.8 Evocations


You had 13 spell levels left.
You didn't know any spells.
Your spell library contained the following spells:

 Spells                   Type           Power        Failure   Level  Hunger
 Apportation              Tloc           #.....       100%        1    ##.....
 Corona                   Hex            #......      100%        1    ##.....
 Magic Dart               Conj           #...         100%        1    ##.....
 Summon Butterflies       Summ           #.......     100%        1    ##.....
 Blink                    Tloc           N/A          100%        2    ###....
 Call Imp                 Summ           #.......     100%        2    ###....
 Ensorcelled Hibernation  Hex/Ice        #.....       100%        2    ###....
 Slow                     Hex            #.......     100%        2    ###....
 Confuse                  Hex            #.......     100%        3    ####...
 Conjure Flame            Conj/Fire      #.......     100%        3    ####...
 Dazzling Spray           Conj/Hex       #.....       100%        3    ####...
 Lesser Beckoning         Tloc           #.........   100%        3    ####...
 Mephitic Cloud           Conj/Pois/Air  #.......     100%        3    ####...
 Tukima's Dance           Hex            #.......     100%        3    ####...
 Alistair's Intoxication  Tmut/Pois      #.......     100%        5    ######.
 Invisibility             Hex            #.......     100%        6    #######


Dungeon Overview and Level Annotations

Branches:
Dungeon (15/15)            Temple (0/1) D:7            Lair (0/6) D:8
    Orc (0/2) D:12         Vaults (0/5) D:13
 Depths: D:15

Altars:
Fedhas
Okawaru
Ru
Xom
Zin

Shops:
D:12 *   D:13 =


Innate Abilities, Weirdness & Mutations

You have a beak for a mouth.
You have claws for feet.
You can fly continuously.


Message History

The ettin hits you with a +0 great mace!
You slash the ettin! You freeze the ettin.
You claw the ettin, but do no damage. You peck the ettin, but do no damage.
The ettin is moderately wounded.
Your gold dragon scales prevents you from hitting the ettin.
You claw the ettin. You peck the ettin, but do no damage.
The ettin is moderately wounded.
The ettin completely misses you. The ettin barely misses you.
You hit the ettin. You freeze the ettin. You claw the ettin, but do no damage.
The ettin is heavily wounded.
The ettin hits you with a +0 dire flail of crushing!!
* * * LOW HITPOINT WARNING * * *
x2 The ettin hits you with a +0 great mace!
* * * LOW HITPOINT WARNING * * *
You are too injured to fight recklessly!
You are too injured to fight recklessly!
You gain the combat prowess of a mighty hero.
The ettin misses you.
The ettin hits you with a +0 great mace!!
You die...

########.....#'....########..#
.......##.....##.........##..#
........##.....##.........'..#
.........##.....##.......##.(#
######....'#.....##########..####
.....##..).##.....## ........(...
....####....##.....##............
...##..'#....##.....##...........
..##....##....##@....##..........
.##..(..###...###C....##.........
##[....##.#...# #....(##........
##)(..##..#...# #..((##........
.##.(##...#...# #$!##.........
..####....#.).# ### ........
...##.....#...# ........
..........##.## . ........
..........##'##.... ..#####.


You could see an ettin.

Vanquished Creatures
  A sphinx (D:14)
  A rakshasa (D:14)
  2 hydras (D:11)
  8 vault guards
  A centaur warrior (D:13)
  2 two-headed ogres
  2 tengu warriors
  Urug (D:13)
  6 skeletal warriors
  4 unseen horrors
  A wizard (D:14)
  6 ugly things
  A deep elf mage (D:14)
  2 cyclopes (D:14)
  5 centaur zombies
  A centaur skeleton (D:13)
  A komodo dragon (D:15)
  The ghost of Turphip the Sneak, a novice OpIE (D:5)
  3 trolls
  A hornet (D:14)
  7 hippogriffs
  2 vampires
  3 wyverns
  A wraith (D:12)
  2 shadows
  A fire bat (shapeshifter) (D:14)
  10 yaks
  2 hungry ghosts
  A basilisk (D:8)
  A steam dragon (D:9)
  9 vampire mosquitoes
  4 wargs (D:12)
  Edmund (D:5)
  2 acid dragons
  A water moccasin (D:11)
  7 ice beasts
  2 phantoms
  A hornet zombie (D:9)
  A necrophage (D:7)
  3 orc warriors
  4 boggarts (D:11)
  7 ogres
  12 centaurs
  4 crocodiles
  6 big kobolds
  A gnoll sergeant (D:9)
  A wyvern zombie (D:12)
  10 bullfrogs
  4 scorpions
  14 killer bees
  21 wights
  An electric eel (D:9)
  5 crimson imps
  2 bullfrog zombies
  6 jellies
  A gnoll shaman (D:6)
  8 orc priests
  6 hounds
  15 orc wizards
  2 bullfrog skeletons
  5 iguanas
  12 worker ants
  A hound zombie (D:5)
  A hound skeleton (D:6)
  3 worker ant zombies
  Robin (D:2)
  A howler monkey skeleton (D:4)
  9 adders
  9 gnolls
  3 shadow imps
  An adder zombie (D:5)
  2 adder skeletons
  A worm (D:6)
  A dart slug (D:1)
  3 leopard geckos
  35 orcs
  6 giant cockroaches
  15 goblins
  7 hobgoblins
  13 jackals
  2 quokkas
  A ball python (D:3)
  8 bats
  6 frilled lizards
  2 jackal skeletons
  44 kobolds
  A leopard gecko skeleton (D:6)
  A leopard gecko zombie (D:8)
  12 rats
447 creatures vanquished.

Vanquished Creatures (others)
  A boggart (D:11)
  A fungus (D:13)
  A plant (D:9)
3 creatures vanquished.

Grand Total: 450 creatures vanquished

Notes
Turn   | Place    | Note
-------+----------+-------------------------------------------
     0 | D:1      | Llamajah the Tengu Monk began the quest for the Orb.
     0 | D:1      | Reached XP level 1. HP: 14/14 MP: 2/2
   137 | D:1      | Reached XP level 2. HP: 17/19 MP: 3/3
   877 | D:2      | Reached XP level 3. HP: 23/23 MP: 4/4
  1025 | D:2      | Found a glowing silver altar of Zin.
  1084 | D:2      | Reached skill level 1 in Armour
  1438 | D:2      | Noticed Robin
  1467 | D:2      | Reached XP level 4. HP: 16/28 MP: 5/5
  1472 | D:2      | Killed Robin
  1641 | D:2      | Found an iron altar of Okawaru.
  1670 | D:2      | Became a worshipper of Warmaster Okawaru
  1670 | D:2      | Reached * piety under Okawaru
  1670 | D:2      | Reached ** piety under Okawaru
  2005 | D:2      | Reached skill level 1 in Shields
  3019 | D:4      | Reached skill level 2 in Armour
  3019 | D:4      | Gained mutation: You can fly continuously. [Tengu growth]
  3019 | D:4      | Reached XP level 5. HP: 21/32 MP: 6/6
  3447 | D:4      | Reached skill level 1 in Invocations
  3663 | D:4      | Reached skill level 3 in Armour
  3663 | D:4      | Reached XP level 6. HP: 20/37 MP: 7/7
  4716 | D:5      | Entered Level 5 of the Dungeon
  4750 | D:5      | Noticed Edmund
  4960 | D:5      | Noticed Turphip's ghost (novice OpIE)
  4973 | D:5      | Noticed an ice beast
  5005 | D:5      | Killed an ice beast
  5005 | D:5      | Reached XP level 7. HP: 43/43 MP: 7/9
  5017 | D:5      | Found a runed translucent gate.
  5018 | D:5      | Found a runed translucent gate.
  5019 | D:5      | Found a runed translucent gate.
  5050 | D:5      | Found a sacrificial altar of Ru.
  5057 | D:5      | Reached skill level 4 in Armour
  5479 | D:5      | Killed Edmund
  5479 | D:5      | Reached skill level 5 in Dodging
  5479 | D:5      | Reached XP level 8. HP: 9/48 MP: 7/10
  5973 | D:5      | Killed Turphip's ghost
  5973 | D:5      | Reached *** piety under Okawaru
  5973 | D:5      | Reached skill level 5 in Long Blades
  5973 | D:5      | Reached skill level 5 in Armour
  6383 | D:6      | Reached skill level 1 in Evocations
  6423 | D:6      | Reached skill level 6 in Armour
  6577 | D:6      | Reached XP level 9. HP: 53/53 MP: 12/12
  6584 | D:6      | Reached skill level 5 in Fighting
  6768 | D:7      | Found a staircase to the Ecumenical Temple.
  7372 | D:7      | Reached skill level 7 in Armour
  7446 | D:7      | Reached **** piety under Okawaru
  7475 | D:7      | Got a fine leather armour
  7486 | D:7      | Identified the cursed +0 leather armour "Yhey" {rF+} (You
                  | found it on level 7 of the Dungeon)
  8289 | D:8      | Found a staircase to the Lair.
  8521 | D:8      | Reached XP level 10. HP: 49/60 MP: 12/14
  8553 | D:8      | Reached skill level 8 in Armour
  9871 | D:9      | Reached ***** piety under Okawaru
 10377 | D:10     | Entered Level 10 of the Dungeon
 10428 | D:10     | HP: 3/60 [troll (10)]
 11034 | D:10     | Reached skill level 9 in Armour
 11034 | D:10     | Reached skill level 5 in Invocations
 11586 | D:11     | Noticed a gargoyle
 11597 | D:11     | Reached XP level 11. HP: 62/66 MP: 13/15
 11613 | D:11     | Noticed a four-headed hydra
 11629 | D:11     | Killed a 14-headed hydra
 11711 | D:11     | Noticed a skeletal warrior
 11753 | D:11     | Killed a skeletal warrior
 11753 | D:11     | Reached skill level 5 in Evocations
 11822 | D:11     | Noticed a four-headed hydra
 11848 | D:11     | Killed a 15-headed hydra
 11848 | D:11     | Received a gift from Okawaru
 11848 | D:11     | Reached skill level 10 in Armour
 11961 | D:11     | Upgraded the game from 0.24-a0-291-g79c1ce7 to
                  | 0.24-a0-292-g5c6fb1c
 12198 | D:11     | Noticed a skeletal warrior
 12233 | D:11     | Killed a skeletal warrior
 12859 | D:11     | Killed an unseen horror
 12984 | D:12     | Noticed a purple ugly thing
 13110 | D:12     | Found a staircase to the Orcish Mines.
 13229 | D:12     | Reached XP level 12. HP: 60/73 MP: 17/17
 13273 | D:12     | Found Eseal's Assorted Antiques.
 13279 | D:12     | Noticed a tengu warrior
 13291 | D:12     | Killed a tengu warrior
 13291 | D:12     | Reached skill level 11 in Armour
 13369 | D:12     | Bought a shimmering ruby amulet for 135 gold pieces
 13369 | D:12     | Bought 3 scrolls labeled JOT BIGHETIDU for 81 gold pieces
 13369 | D:12     | Bought an orange potion for 24 gold pieces
 13370 | D:12     | Identified the amulet of Gluttony {Reflect rF+ Str+5 Dex+4
                  | SH+2} (You bought it in a shop on level 12 of the Dungeon)
 13399 | D:12     | Found a shimmering altar of Xom.
 13404 | D:12     | Found a shimmering altar of Xom.
 13559 | D:12     | Found a shimmering altar of Xom.
 13561 | D:12     | Found a shimmering altar of Xom.
 13746 | D:13     | Found a blossoming altar of Fedhas.
 13765 | D:13     | Noticed Urug
 13788 | D:13     | Killed Urug
 13900 | D:13     | Found Zalyalaw's Jewellery Shoppe.
 13907 | D:13     | Noticed a two-headed ogre
 13914 | D:13     | Killed a two-headed ogre
 13931 | D:13     | Found a gate to the Vaults.
 13931 | D:13     | Noticed a vault guard
 13931 | D:13     | Noticed a vault guard
 13931 | D:13     | Noticed a vault guard
 13931 | D:13     | Noticed a vault guard
 13931 | D:13     | Noticed a vault guard
 13931 | D:13     | You fall through a shaft for 2 floors!
 13931 | D:15     | Entered Level 15 of the Dungeon
 13990 | D:15     | Received a gift from Okawaru
 14278 | D:15     | Reached skill level 12 in Armour
 14983 | D:13     | Reached XP level 13. HP: 79/79 MP: 19/19
 15553 | D:13     | Noticed a vault guard
 15553 | D:13     | Noticed a vault guard
 15573 | D:14     | Killed a vault guard
 15627 | D:14     | Killed a vault guard
 15648 | D:14     | Killed a vault guard
 15648 | D:14     | Reached skill level 10 in Dodging
 15765 | D:13     | Noticed a vault guard
 15772 | D:14     | Killed a vault guard
 15772 | D:14     | Reached skill level 10 in Long Blades
 15782 | D:14     | Killed a vault guard
 15802 | D:13     | Killed a vault guard
 15805 | D:13     | Killed a vault guard
 15805 | D:13     | Received a gift from Okawaru
 15844 | D:13     | Killed a vault guard
 16387 | D:14     | Reached skill level 13 in Armour
 17098 | D:13     | Bought a +5 ring of dexterity for 576 gold pieces
 17329 | D:14     | Noticed a rakshasa
 17363 | D:14     | Killed a rakshasa
 17386 | D:14     | Reached XP level 14. HP: 68/87 MP: 20/20
 17394 | D:14     | Noticed a frost giant
 17546 | D:14     | HP: 4/87 [frost giant/+0 battleaxe of freezing (4)]
 17899 | D:14     | Reached skill level 5 in Shields
 17948 | D:14     | Noticed a sphinx
 17958 | D:14     | Killed a sphinx
 18034 | D:14     | Mangled by an ettin

Levels and vault maps discovered:
D:1:      tarquinn_simple_flora_water_b, layout_basic, chequers_decorated_corner
D:2:      layout_basic, overflow_temple_1_default, first_ration,
          hangedman_feature_mirror, okawaru_ov_weapons_minmay, uniq_robin
D:3:      layout_basic
D:4:      layout_loops_ring, corexii_item_surrounded_by_moat
D:5:      layout_cave_pools, gammafunk_ghost_split,
          nicolae_ru_great_annihilating_truth, uniq_edmund
D:6:      layout_rooms
D:7:      layout_layer_cave, minmay_temple_entry_mist
D:8:      layout_cave_pools, david_lair_generic
D:9:      layout_irregular_city, serial_bayou, serial_bayou_pond_b,
          serial_bayou_pond_c, serial_bayou_pond_a, serial_bayou_shore_a
D:10:     layout_rooms
D:11:     layout_stronghold
D:12:     layout_cave_pools, minmay_orc_entry_guard_dogs, serial_shops,
          nicolae_shop_waterfront, grunt_ogre_cave, xom_shifter_show
D:13:     layout_basic, erik_vaults_2, serial_shops, shop, fedhas_altar_3,
          uniq_urug
D:14:     minmay_octo_star, layout_irregular_city, minmay_strange_pillars
D:15:     hangedman_depths_entry_try_elsewhere_first, layout_cave_pools,
          basic_altar, chequers_serial_rivers_micro_c,
          gammafunk_ghost_berserking_beasts, nicolae_blasting_shop, uniq_roxanne

Skill      XL: |  1  2  3  4  5  6  7  8  9 10 11 12 13 14 |
---------------+-------------------------------------------+-----
Armour         | 1 2 3 4 6 7 9 10 12 13 | 13.7
Dodging        | 4 5 6 7 8 9 10 | 10.7
Shields        | 1 2 3 4 5 |  5.1
Long Blades    | 4 5 6 7 8 9 10 | 10.7
Invocations    | 1 2 3 4 5 6 7 |  7.7
Fighting       | 4 5 6 7 8 9 |  9.8
Evocations     | 1 3 4 5 7 |  7.8
Stealth        | |  2.5

Action                   |  1- 3 |  4- 6 |  7- 9 | 10-12 | 13-15 || total
-------------------------+-------+-------+-------+-------+-------++-------
Melee: Falchion          |    71 |   190 |   379 |       |       ||   640
       Kick              |    26 |    59 |   162 |   340 |   172 ||   759
       Peck              |     9 |    40 |    95 |   177 |   118 ||   439
       Scimitar          |       |       |    24 |   783 |   330 ||  1137
Invok: Heroism           |       |     1 |    12 |    25 |    10 ||    48
       Finesse           |       |       |       |     2 |       ||     2
 Abil: Evoke Berserk Rag |       |       |     1 |     4 |       ||     5
Evoke: Wand              |       |       |       |     4 |     4 ||     8
  Use: Potion            |     2 |     4 |     1 |     4 |       ||    11
       Scroll            |       |       |    12 |    13 |     8 ||    33
 Stab: Sleeping          |     6 |     5 |     1 |       |       ||    12
       Distracted        |     1 |     1 |       |       |       ||     2
       Paralysed         |       |       |     1 |    23 |     5 ||    29
  Eat: Chunk             |     2 |     8 |     7 |    20 |    11 ||    48
       Ration            |       |     1 |     2 |     2 |       ||     5
Armor: Robe              |     8 |    28 |    15 |       |       ||    51
       Scale mail        |       |       |   118 |   114 |       ||   232
       Gold dragon scale |       |       |       |   311 |   185 ||   496
Dodge: Dodged            |    53 |   102 |   203 |   328 |   103 ||   789
Block: Buckler           |     8 |    41 |    87 |   243 |   137 ||   516
       Reflection        |       |       |       |     1 |     9 ||    10
       Rpst.: Falchion   |    24 |    31 |    57 |       |       ||   112
       Scimitar          |       |       |     8 |    76 |    30 ||   114

Table legend:
 A = Non-vault XP
 B = Vault XP
 C = Vault XP percentage of total XP
 D = Non-vault monster count
 E = Vault monster count
 F = Vault count percentage of total count
                 A         B        C        D         E       F
            +---------+---------+-------+---------+---------+-------
      Total |   41370 |   16682 |  28.7 |     401 |      47 |  10.5
            +---------+---------+-------+---------+---------+-------
        D:1 |      29 |       0 |   0.0 |      20 |       0 |   0.0
        D:2 |      59 |      38 |  39.2 |      25 |      13 |  34.2
        D:3 |      19 |       0 |   0.0 |      12 |       0 |   0.0
        D:4 |     408 |       0 |   0.0 |      31 |       0 |   0.0
        D:5 |     457 |     583 |  56.1 |      16 |       6 |  27.3
        D:6 |     913 |       0 |   0.0 |      26 |       0 |   0.0
        D:7 |    1382 |       0 |   0.0 |      28 |       0 |   0.0
        D:8 |     718 |     742 |  50.8 |      11 |       4 |  26.7
        D:9 |     810 |     428 |  34.6 |      24 |       3 |  11.1
       D:10 |    1640 |       0 |   0.0 |      21 |       0 |   0.0
       D:11 |    7616 |       0 |   0.0 |      69 |       0 |   0.0
       D:12 |    6250 |     782 |  11.1 |      34 |       5 |  12.8
       D:13 |    6028 |    3802 |  38.7 |      36 |       4 |  10.0
       D:14 |   10276 |   10307 |  50.1 |      37 |      12 |  24.5
       D:15 |    4765 |       0 |   0.0 |      11 |       0 |   0.0
            +---------+---------+-------+---------+---------+-------
